 Dungeon Crawl Stone Soup version 0.16-a0-1714-g3438503 (webtiles) character file.

19 Medar the Ogre Mage (level 2, -67/24 HPs) *WIZ*
             Began as an Ogre Fire Elementalist on Oct 29, 2014.
             Killed from afar by Xtahua (71 damage)
             ... with a blast of flame
             ... on level 1 of the Dungeon.
             The game lasted 00:07:54 (1322 turns).

Medar the Ogre Mage (Ogre Fire Elementalist)        Turns: 1322, Time: 00:07:55

Health: -67/24     AC:  3    Str: 12    XL:     2   Next: 75%
Magic:  5/5        EV: 10    Int: 14    God:    No God 0 (0)
Gold:   79         SH:  0    Dex: 10    Spells: 1 memorised, 5 levels left

rFire  . . .     SeeInvis .     a - +0 mace
rCold  . . .     Clarity  .     g - +0 robe
rNeg   . . .     SustAb   .     (shield restricted)
rPois  .         Gourm    .     (helmet restricted)
rElec  .         Spirit   .     (no cloak)
rCorr  .         Warding  .     (gloves unavailable)
rMut   .         Stasis   .     (boots unavailable)
MR     .....                    (no amulet)
Stlth  +.........               (no ring)
                                (no ring)

@: not resistant to hostile enchantments, very unstealthy
A: unfitting armour, tough skin 1
a: no special abilities


You were on level 1 of the Dungeon.
You were not hungry.

You visited 1 branch of the dungeon, and saw 2 of its levels.

You collected 79 gold pieces.

Inventory:

Hand weapons
 a - a +0 mace (weapon)
Missiles
 i - 3 steel tomahawks (quivered)
Armour
 g - a +0 robe (worn)
Scrolls
 d - 2 scrolls of identify {unknown}
 k - a scroll of immolation {unknown}
 l - a scroll of amnesia {unknown}
Potions
 e - a potion of brilliance {unknown}
 h - a potion of haste {unknown}
Books
 b - a book of Flames

   Spells                             Type                      Level
   *Flame Tongue                      Conjuration/Fire             1
   Throw Flame                        Conjuration/Fire             2
   Conjure Flame                      Conjuration/Fire             3
   Inner Flame                        Hexes/Fire                   3
   Sticky Flame                       Conjuration/Fire             4
   Fireball                           Conjuration/Fire             5
Comestibles
 c - a meat ration
 f - a bread ration
 j - a chunk of flesh


   Skills:
 + Level 1.8 Maces & Flails
 - Level 1.9 Dodging
 - Level 1.6 Stealth
 - Level 2.5 Spellcasting
 - Level 0.6 Conjurations
 - Level 2.4 Fire Magic


You had 5 spell levels left.
You knew the following spells:

 Your Spells              Type           Power        Failure   Level  Hunger
x - Flame Tongue          Conj/Fire      6 (40)       14%         1    15


Dungeon Overview and Level Annotations

Branches:
Dungeon (2/15)

Altars:

Annotations:
D:1 Xtahua


Innate Abilities, Weirdness & Mutations

You are too large for most types of armour.
You have tough skin (AC +1).


Message History

Set all skills to what level?
Okay, then.
Enter Wizard Command (? - help): Which monster by number?
Okay, then.
Enter Wizard Command (? - help): Enter monster name (or MONS spec): Xtahua the Ancient comes into view.
Xtahua roars!
You hit Xtahua but do no damage. Xtahua barely misses you. Xtahua claws you.
Xtahua tramples you!!
Ouch! That really hurt!
* * * LOW HITPOINT WARNING * * *
You stumble backwards!
You closely miss Xtahua. Xtahua breathes flames at you.
The blast of flame hits you!
Ouch! That really hurt!
Die?
You die...

##.........############
....###.#..........)..# ###.#
#.##.##########.#
....###.##.##### #.#
...............# #.#
....###.##.###.######.###########
#.#.# #.##........#..............
#.#.# #.##........#.#........#.##
#.#.# #.##......@.#.####.#.#...#
#.#.###........D....# #.#.##.##
#.#...............### #.#.##.###
#.#########.......# #.#.##...#
#.#########.......# #.#.##.#.#
#.##............### #.#.##.#.#
..##.#########..# #......#..
#.)..# #..# ####..#.##### #.#..#
######..# ##.###.....#..


You could see Xtahua.

Vanquished Creatures
  A ball python (D:1)
  6 goblins (D:1)
  A hobgoblin (D:1)
  4 jackals (D:1)
  A bat (D:1)
  A giant cockroach (D:1)
  A giant newt (D:1)
  2 kobolds (D:1)
17 creatures vanquished.

Notes
Turn   | Place    | Note
--------------------------------------------------------------
     0 | D:1      | Medar, the Ogre Fire Elementalist, began the quest for the Orb.
     0 | D:1      | Reached XP level 1. HP: 16/16 MP: 3/3
   397 | D:1      | Reached XP level 2. HP: 24/24 MP: 0/5
   802 | D:1      | Reached skill level 1 in Maces & Flails
  1319 | D:1      | Entered wizard mode.
  1320 | D:1      | Noticed Xtahua
  1322 | D:1      | Killed from afar by Xtahua

Action                   || total
-------------------------++-------
Melee: Spear             ||    25
       Unarmed           ||     2
       Mace              ||    24
       Club              ||     2
 Cast: Flame Tongue      ||     9
 Stab: Sleeping          ||     1
  Eat: Chunk             ||     1
